 Dungeon Crawl Stone Soup version 0.29.1-1-gd02db6906a (webtiles) character file.

Game seed: 11879613630797890226

77 safid the Shooter (level 4, 0/38 HPs)
             Began as a Minotaur Hunter on Oct 21, 2022.
             Slain by an ice beast (12 damage)
             ... on level 3 of the Dungeon.
             The game lasted 00:04:57 (2675 turns).

safid the Shooter (Minotaur Hunter)                 Turns: 2675, Time: 00:04:58

Health: 0/38       AC:  3    Str: 15    XL:     4   Next: 14%
Magic:  3/3        EV: 12    Int:  6    God:
Gold:   130        SH:  0    Dex: 16    Spells: 3/3 levels left

rFire   . . .      SeeInvis .   a - +0 shortbow
rCold   . . .      Faith    .   (shield currently unavailable)
rNeg    . . .      Spirit   .   c - +0 leather armour
rPois   .          Reflect  .   (helmet restricted)
rElec   .          Harm     .   (no cloak)
rCorr   .          Rampage  .   (no gloves)
Will    .....                   (no boots)
Stlth   +.........              g - amulet of the acrobat
HPRegen 0.12/turn               (no ring)
MPRegen 0.08/turn               (no ring)

@: no status effects
A: horns 2, retaliatory headbutt
a: no special abilities


You were on level 3 of the Dungeon.
You visited 1 branch of the dungeon, and saw 3 of its levels.

You collected 130 gold pieces.

Inventory:

Hand Weapons
 a - a +0 shortbow (weapon)
Armour
 c - a +0 leather armour (worn)
Jewellery
 g - an amulet of the acrobat (around neck)
Scrolls
 b - a scroll of immolation
 h - a scroll of blinking {unknown}
 i - a scroll of magic mapping {unknown}
 j - 3 scrolls of identify {unknown}
Potions
 d - 3 potions of curing {unknown}
 e - 3 potions of heal wounds {unknown}
 f - 3 potions of brilliance {unknown}
 k - 2 potions of lignification {unknown}
 l - a potion of haste {unknown}
 m - a potion of ambrosia {unknown}


   Skills:
 - Level 3.0 Fighting
 + Level 6.1 Ranged Weapons
 - Level 2.1 Dodging
 - Level 0.7 Stealth


You had 3 spell levels left.
You didn't know any spells.
Your spell library was empty.

Dungeon Overview and Level Annotations

Branches:
Dungeon (3/15)

Altars:
Hepliaklqana
The Shining One

Shops:
D:2 (=[[[   D:3 (


Innate Abilities, Weirdness & Mutations

You have a pair of horns on your head.
You reflexively headbutt those who attack you in melee.


Message History

You shoot an arrow. The arrow hits the ice beast.
The ice beast is severely wounded.
The ice beast hits you but does no damage.
You shoot an arrow. The arrow hits the ice beast.
The ice beast is severely wounded.
The ice beast hits you. The ice beast freezes you.
You shoot an arrow. The arrow hits the ice beast.
The ice beast is almost dead.
The ice beast hits you but does no damage.
The ice beast hits you. The ice beast freezes you!
You are too injured to fight recklessly!
You are too injured to fight recklessly!
You are too injured to fight recklessly!
Fire: a) +0 shortbow
Press: ? - help, Q - select action Shift-Dir - straight line, f/p - ice beast
Aim: an ice beast (almost dead, 64% to hit)
You shoot an arrow. The arrow hits the ice beast.
The ice beast is almost dead.
The ice beast misses you.
Fire: a) +0 shortbow
Press: ? - help, Q - select action Shift-Dir - straight line, f/p - ice beast
Aim: an ice beast (almost dead, 64% to hit)
You shoot an arrow. The arrow barely misses the ice beast.
The ice beast barely misses you. You furiously retaliate!
You headbutt the ice beast.
Fire: a) +0 shortbow
Press: ? - help, Q - select action Shift-Dir - straight line, f/p - ice beast
Aim: an ice beast (almost dead, 64% to hit)
You shoot an arrow.
The arrow hits the ice beast but does no damage.
The ice beast is almost dead.
The ice beast closely misses you.
Fire: a) +0 shortbow
Press: ? - help, Q - select action Shift-Dir - straight line, f/p - ice beast
Aim: an ice beast (almost dead, 64% to hit)
You shoot an arrow.
The arrow hits the ice beast but does no damage.
The ice beast is almost dead.
The ice beast hits you. The ice beast freezes you!
You die...

#...... ..#.##.##..
#.#.#.###.#.#.....#
###.......#.#.....<##
+...................#
###....##.#.#.##.#...
#.#.###.#.#.##.##.#
####...........##.####
##.....####.######.#
#...P.@.....# #.#
#.....Y.......# .#
#.PP...PP.....#
.|PP.8........#
..P....PP...###
...........##
#.....P....#
...........#


You could see an ice beast.

Vanquished Creatures
  4 adders
  A worm (D:3)
  2 orcs
  3 ball pythons
  5 endoplasms
  A giant cockroach (D:1)
  2 hobgoblins (D:1)
  4 kobolds
  A quokka (D:2)
  3 bats
  3 frilled lizards
  4 goblins
  4 rats
37 creatures vanquished.

Notes
Turn   | Place    | Note
-------+----------+-------------------------------------------
     0 | D:1      | safid the Minotaur Hunter began the quest for the Orb.
     0 | D:1      | Reached XP level 1. HP: 18/18 MP: 0/0
   241 | D:1      | Reached XP level 2. HP: 19/25 MP: 1/1
   611 | D:1      | Found a faded altar of an unknown god.
   987 | D:2      | Found Wofrat's Jewellery Shop.
  1015 | D:2      | Found Hatat's Weapon Boutique.
  1021 | D:2      | Found a hazy altar of Hepliaklqana.
  1163 | D:2      | Found Huss's Armour Shoppe.
  1165 | D:2      | Reached skill level 5 in Ranged Weapons
  1187 | D:2      | Found Rischom's Armour Boutique.
  1243 | D:2      | Reached XP level 3. HP: 14/31 MP: 2/2
  1511 | D:2      | Found Poibri's Armour Emporium.
  2214 | D:3      | Found a glowing golden altar of the Shining One.
  2244 | D:3      | Found Juathier's Weapon Boutique.
  2254 | D:3      | Reached XP level 4. HP: 36/38 MP: 3/3
  2391 | D:3      | Reached skill level 6 in Ranged Weapons
  2663 | D:3      | Noticed an ice beast
  2675 | D:3      | Slain by an ice beast

Illustrated notes

Levels and vault maps discovered:
D:1:      shiori_arrival_elements, layout_basic, ebering_ecumenical_altar_rust
D:2:      layout_rooms, serial_shops, nicolae_shop_window_shopping, shop,
          nicolae_shop_waterfront, shop, nicolae_square_shop, basic_altar,
          serial_rivers, chequers_serial_rivers_small_b,
          chequers_serial_rivers_room_a, chequers_serial_rivers_marsh,
          chequers_serial_rivers_large_a
D:3:      layout_loops_corners, lemuel_tele_altar, marbit_many_paths,
          serial_shops, nicolae_shop_statue_plus, dreamdust_mushroom_princess

Skill      XL: |  1  2  3  4 |
---------------+-------------+-----
Fighting       | 3 |  3.0
Ranged Weapons | 5 6 |  6.1
Dodging        | |  2.1
Stealth        | |  0.7

Action                   |  1- 3 |  4- 6 || total
-------------------------+-------+-------++-------
 Fire: Shortbow          |    74 |    22 ||    96
Armor: Leather armour    |     6 |     3 ||     9
Dodge: Dodged            |    23 |     3 ||    26
